AoeStats
← RagnarLothbrok

Black Forest

510293749Analyzed
4v4 RM · 1d ago on Sep 30, 2026· 5m 58s· 8 players
Game mode
Random Map
Map size
Large (8 player)
Population
200
Speed
Normal
Resources
Standard
Victory
Conquest
Starting age
Dark Age
Ending age
Imperial Age
RankedLock teamsTeams togetherTeam positionsShared explorationLock speedFull tech treeHidden civsTurbo modeCheats
Victory
Defeat
🇻🇪 Mongols · Venezuela
1310
+15
🇦🇺 Britons · Australia
1285
+16
🇨🇭 Byzantines · Switzerland
1220
+19
🇹🇼 Sicilians · Taiwan
1219
+18
🇨🇳 Goths · China
1301
-18
🇨🇳 Khmer · China
1297
-18
🇭🇰 Khmer · Hong Kong SAR China
1274
-17
🇨🇳 Spanish · China
1222
-15
随机便投
1:14 Loom
5:49 Loom
虫
0:51 Loom
我很牛逼
0:58 Loom
SkullBump
2:54 Loom
Baron279
0:46 Loom
RagnarLothbrok
只會5TC
6:07 Loom
BeardyNath
0:49 Loom
Connection lost

Rejoining the realm…

Still unreachable

The connection could not be restored.

Session expired

The server has moved on; the page needs a fresh start.